 Dungeon Crawl Stone Soup version 0.25.0-1-g7eea58d (webtiles) character file.

Game seed: 5913225534371991248

111034 edsrzf the Black Belt (level 17, -1/103 HPs)
             Began as a Kobold Transmuter on June 14, 2020.
             Was the Champion of Cheibriados.
             Slain by a naga
             ... wielding a +0 long sword
              (2 damage)
             ... on level 1 of the Snake Pit.
             The game lasted 01:37:47 (28498 turns).

edsrzf the Black Belt (Kobold Transmuter)          Turns: 28498, Time: 01:37:48

Health: -1/103     AC: 11    Str: 30    XL:     17   Next: 11%
Magic:  21/24      EV: 27    Int: 33    God:    Cheibriados [******]
Gold:   287        SH:  0    Dex: 39    Spells: 6/26 levels left

rFire    . . .     SeeInvis +     - Unarmed
rCold    + . .     Gourm    .   (shield currently unavailable)
rNeg     . . .     Faith    .   H - +2 leather armour {MR+}
rPois    +         Spirit   .   X - +2 helmet {SInv}
rElec    .         Reflect  .   v - +2 cloak {rPois}
rCorr    .         Harm     .   (gloves currently unavailable)
MR       +++..                  (no boots)
Stlth    +++.......             f - amulet of regeneration
HPRegen  0.67/turn              p - ring of protection from magic
MPRegen  0.19/turn              M - ring of the Messenger {rC+ Str+6 Dex+7}

@: blade hands, very slow
A: small, carnivore
a: End Transformation, Bend Time, Temporal Distortion, Slouch, Step From Time,
Renounce Religion


You were on level 1 of the Snake Pit.
You worshipped Cheibriados.
Cheibriados was exalted by your worship.
You were full.
You had blades for hands.
You visited 5 branches of the dungeon, and saw 25 of its levels.
You visited 2 bazaars.
You also visited: Sewer, Bailey and Ice Cave.

You collected 3436 gold pieces.
You spent 3149 gold pieces at shops.

Inventory:

Missiles
 a - 324 arrows
 b - 6 curare-tipped darts (quivered)
 q - 78 poisoned darts
Armour
 v - a +2 cloak of poison resistance (worn)
 H - a +2 leather armour of magic resistance (worn)
 W - the +1 pair of gloves of Catatonia (melded) {Dex+3}
   (You bought it in a shop in a bazaar)

   It affects your dexterity (+3).
 X - a +2 helmet of see invisible (worn)
Jewellery
 f - an amulet of regeneration (around neck)
 j - an uncursed ring of ice
 p - a ring of protection from magic (left scythe-like blade)
 z - an uncursed amulet of the acrobat
 C - an uncursed ring of fire
 E - the ring of Amnuxen {rN+ SInv}
   (You bought it in a shop on level 8 of the Dungeon)

   [ring of positive energy]

   It protects you from negative energy.
   It lets you see invisible.
 J - a cursed amulet of inaccuracy {unknown}
 M - the ring of the Messenger (right scythe-like blade) {rC+ Str+6 Dex+7}
   (You found it on level 12 of the Dungeon)

   [ring of strength]

   It affects your strength (+6).
   It affects your dexterity (+7).
   It protects you from cold.
 N - an uncursed amulet of magic regeneration {unknown}
 P - the ring of Ciag {*Drain rN+++ MR+ Str+2}
   (You took it off an orc warlord on level 2 of the Orcish Mines)

   [ring of protection from magic]

   It affects your strength (+2).
   It renders you almost immune to negative energy.
   It affects your resistance to hostile enchantments.
   It causes draining when unequipped.
 R - an uncursed amulet of guardian spirit {unknown}
 S - the ring "Wyuleob" {rF+ rC+}
   (You bought it in a shop on level 8 of the Dungeon)

   [ring of protection from fire]

   It protects you from fire.
   It protects you from cold.
 U - an uncursed ring of fire
Wands
 c - a wand of digging (9)
 y - a wand of flame (14)
 D - a wand of iceblast (28)
 F - a wand of disintegration (30)
 I - a wand of paralysis (7)
Scrolls
 g - 4 scrolls of fog
 m - 5 scrolls of amnesia
 o - 13 scrolls of remove curse {@r2}
 s - 7 scrolls of teleportation {@r3}
 t - 2 scrolls of blinking
 w - 4 scrolls of enchant weapon
 G - 4 scrolls of enchant armour
 L - 3 scrolls of magic mapping
 O - a scroll of vulnerability
 Q - a scroll of silence {!r}
Potions
 e - a potion of cancellation
 h - 6 potions of stabbing
 i - 4 potions of brilliance
 k - 6 potions of curing
 n - a potion of magic
 r - 5 potions of flight
 u - 4 potions of might
 x - 2 potions of resistance
 A - 4 potions of mutation {!q}
 B - 3 potions of lignification
 K - 2 potions of heal wounds
Miscellaneous
 T - a tin of tremorstones (3/3)
Comestibles
 d - 39 rations


   Skills:
 + Level 10.6 Fighting
 - Level 9.0 Dodging
 + Level 19.0 Unarmed Combat
 - Level 5.0 Spellcasting
 - Level 11.0 Transmutations
 - Level 13.0 Ice Magic
 - Level 2.0 Poison Magic
 - Level 10.0 Invocations
 - Level 4.0 Evocations


You had 6 spell levels left.
You knew the following spells:

 Your Spells              Type           Power        Failure   Level  Hunger
a - Beastly Appendage     Tmut           ######       6%          1    None
h - Blade Hands           Tmut           ######....   19%         5    #####..
k - Sticks to Snakes      Tmut           ######..     7%          2    None
s - Spider Form           Tmut/Pois      ######....   16%         3    None
y - Yara's Violent Unrav  Hex/Tmut       #####.....   56%         5    #####..
I - Ice Form              Ice/Tmut       ######..     11%         4    ###....

Your spell library contained the following spells:

 Spells                   Type           Power        Failure   Level  Hunger
 Ensorcelled Hibernation  Hex/Ice        ######       12%         2    None
 Ozocubu's Refrigeration  Ice            #######...   28%         6    ######.
 Animate Skeleton         Necr           N/A          34%         1    None
 Apportation              Tloc           #.....       34%         1    None
 Corona                   Hex            #......      34%         1    None
 Foxfire                  Conj/Fire      #...         34%         1    None
 Shock                    Conj/Air       #...         34%         1    None
 Summon Small Mammal      Summ           #...         34%         1    None
 Petrify                  Tmut/Erth      #####...     34%         4    ###....
 Corpse Rot               Necr/Air       N/A          41%         2    None
 Swiftness                Chrm/Air       #.......     41%         2    None
 Hydra Form               Tmut           ######....   43%         6    ######.
 Metabolic Englaciation   Hex/Ice        ######....   45%         5    #####..
 Confusing Touch          Hex            #.......     56%         3    None
 Conjure Flame            Conj/Fire      #.......     56%         3    None
 Dazzling Flash           Conj/Hex       #.....       56%         3    None
 Gell's Gravitas          Tloc           #.........   56%         3    None
 Inner Flame              Hex/Fire       #.......     56%         3    None
 Static Discharge         Conj/Air       #.......     56%         3    None
 Stone Arrow              Conj/Erth      #.....       56%         3    None
 Tukima's Dance           Hex            #.......     56%         3    None
 Irradiate                Conj/Tmut      #####.....   56%         5    #####..
 Airstrike                Air            #.........   85%         4    ###....
 Sticky Flame             Conj/Fire      #.......     85%         4    ###....
 Eringya's Noxious Bog    Tmut/Pois      ######....   87%         6    ######.
 Simulacrum               Ice/Necr       ######....   87%         6    ######.
 Statue Form              Tmut/Erth      #####....    93%         6    ######.
 Fireball                 Conj/Fire      #.........   98%         5    #####..
 Lightning Bolt           Conj/Air       #.........   98%         5    #####..
 Summon Forest            Summ/Tloc      #.........   98%         5    #####..
 Freezing Cloud           Conj/Ice/Air   #####.....   98%         6    ######.
 Dragon Form              Tmut           ######....   83%         7    #######
 Summon Hydra             Summ           #.........   100%        7    #######


Dungeon Overview and Level Annotations

Branches:
Dungeon (15/15)            Temple (1/1) D:5            Lair (6/6) D:8
 Shoals (0/4) Lair:2        Snake (1/4) Lair:4        Slime (0/5) Lair:5
    Orc (2/2) D:11            Elf (0/3) Orc:2        Vaults (0/5) D:13
 Depths (0/5) D:15          Sewer (visited)          Bailey (visited)
  IceCv (visited)

Altars:
Ashenzari
Cheibriados
Dithmenos
Elyvilon
Fedhas
Gozag
Hepliaklqana
Kikubaaqudgha
Makhleb
Nemelex Xobeh
Okawaru
Qazlal
Ru
Sif Muna
Trog
Uskayaw
Vehumet
Wu Jian
Xom
Yredelemnul
Zin
The Shining One
Beogh
Jiyva

Shops:
D:8 =   D:15 *   Orc:2 ?[(*%

Annotations:
Lair:4 exclusion: oklob plant


Innate Abilities, Weirdness & Mutations

You are small and have problems with some larger weapons.
You are carnivorous and can eat meat at any time.


Message History

The naga sharpshooter unwields a +0 glaive.
The naga sharpshooter wields a +0 arbalest.
The naga sharpshooter gestures wildly while chanting.
The naga sharpshooter magically shoots a bolt.
The bolt hits you! The naga mage completely misses you. x2
You shred the naga mage!!!
You kill the naga mage!
Cheibriados thoroughly appreciates the change of pace.
A naga comes into view. It is wielding a +0 trident.
The naga sharpshooter casts a spell.
The naga sharpshooter magically shoots a bolt.
The bolt hits you!!
There is a staircase back to the Lair, spattered with blood here.
You see here 2 bolts.
You climb upwards.
Welcome back to the Lair of Beasts!
Level annotation: exclusion: oklob plant
There is a staircase to the Snake Pit here.
You start resting.
Magic restored.
You start resting.
Your transformation is almost over.
You start resting.
Your hands revert to their normal proportions.
The +1 pair of gloves of Catatonia {Dex+3} unmelds from your body.
You start resting.
HP restored.
Casting: Blade Hands (dangerous; 1% risk of failure)
Confirm with . or Enter, or press ? or * to list all spells.
Your hands turn into razor-sharp scythe blades.
The +1 pair of gloves of Catatonia {Dex+3} melds into your body.
You climb downwards.
Welcome back to the Snake Pit!
This branch contains the serpentine rune of Zot.
A naga sharpshooter comes into view. It is wielding a +0 halberd.
The naga sharpshooter shouts!
The naga sharpshooter moves out of view.
There is a staircase back to the Lair, spattered with blood here.
You see here 2 bolts.
Press: ? - help, v - describe, . - travel
Here: a naga warrior, wielding a +0 scimitar, wearing a +0 robe and wearing a +0 kite shield The floor.
Unknown command.
The naga sharpshooter unwields a +0 halberd.
The naga sharpshooter wields a +0 shortbow.
The naga sharpshooter mumbles some strange words.
The naga sharpshooter magically shoots an arrow.
The arrow hits you! The naga warrior spits poison at you.
The splash of poison misses you.
The naga sharpshooter mumbles some strange words.
The naga sharpshooter magically shoots a bolt.
The bolt hits you!!
You closely miss the naga warrior. You slash the naga warrior!
The naga warrior is lightly wounded.
A naga comes into view. It is wielding a +0 battleaxe.
The naga warrior barely misses you. x2
You barely miss the naga warrior.
The naga warrior is lightly wounded.
You hit the naga warrior but do no damage.
You slash the naga warrior.
The naga warrior is lightly wounded.
A naga warrior comes into view. It is wielding a +0 dire flail.
The naga warrior blocks your attack.
The naga warrior is lightly wounded.
The naga warrior blocks your attack.
Your slash misses the naga warrior.
The naga warrior is lightly wounded.
The naga sharpshooter spits poison at you.
The splash of poison hits you but does no damage.
You resist. The naga warrior spits poison at you.
The splash of poison hits you. You resist.
You slice the naga warrior!!
The naga warrior is moderately wounded.
The naga sharpshooter gestures wildly while chanting.
The naga sharpshooter magically shoots an arrow.
The arrow hits you! The naga warrior blocks your attack.
The naga warrior is moderately wounded.
The naga warrior barely misses you. The naga warrior completely misses you.
A naga sharpshooter comes into view. It is wielding a +0 mace.
The naga sharpshooter casts a spell.
The naga sharpshooter magically shoots an arrow.
The arrow hits you!
You slice the naga warrior!! The naga warrior blocks your attack.
The naga warrior is severely wounded.
The naga warrior hits you with a +0 scimitar!!
* * * LOW HITPOINT WARNING * * *
The naga warrior completely misses you.
Unknown command.
You shred the naga warrior!!!!
You kill the naga warrior!
Cheibriados appreciates the change of pace.
The naga spits poison at you. The splash of poison misses you.
The naga closely misses you.
The naga sharpshooter mumbles some strange words.
The naga sharpshooter magically shoots a bolt.
The bolt hits you!!
* * * LOW HITPOINT WARNING * * *
The naga hits you with a +0 long sword.
You die...

#....# #............)N
#....# #...........†..
#....# #........SS....
#....# #####..###.†...
#....#########.N###.....
#....(..................
#..[.(########.†.##S....
####...).()#### #S#..#.....
#....)..##@NNN###.#........
#.......#####NNNNN....#####
#....########......##.##
#.....# #...#.##÷..NN...
##...#.###.....###N.##N##
#.............## ...# ..
#......###............ .
#......................
#......###...#.......(...


You could see a naga warrior, 3 naga sharpshooters and 4 nagas.

Vanquished Creatures
  Rupert (Lair:3)
  4 orc warlords (Orc:2)
  Fannar (D:10)
  2 hydras
  A catoblepas (D:14)
  A naga warrior (Snake:1)
  2 rakshasas
  A centaur warrior (D:15)
  A death knight (D:13)
  An ogre mage (D:15)
  9 two-headed ogres
  3 death yaks (Lair:6)
  3 tengu warriors
  2 orc high priests (Orc:2)
  A naga sharpshooter (Snake:1)
  2 shock serpents (Snake:1)
  Nergalle (Orc:1)
  Sonja (Lair:5)
  11 skeletal warriors (D:15)
  An unseen horror (D:11)
  A spark wasp zombie (D:15)
  A naga ritualist (Snake:1)
  A phantasmal warrior (D:15)
  A necromancer (D:15)
  A lindwurm (D:13)
  3 mana vipers (Snake:1)
  4 deep elf magi
  3 ugly things
  6 orc sorcerers
  8 orc knights
  4 cyclopes
  A salamander (Snake:1)
  15 elephants (Lair:6)
  A stone giant skeleton (D:15)
  3 ice statues (IceCv)
  17 black mambas
  Joseph (D:10)
  Maurice (D:9)
  2 naga magi (Snake:1)
  6 gargoyles
  9 spiny frogs
  5 komodo dragons
  A rime drake (Lair:5)
  A yaktaur (D:15)
  3 kobold demonologists
  A freezing wraith (D:13)
  7 trolls
  A tengu conjurer (D:15)
  6 hornets
  3 polar bears (Lair:6)
  A jumping spider (shapeshifter) (D:13)
  4 slime creatures (D:15)
  A harpy skeleton (D:15)
  Prince Ribbit (D:9)
  Grinder (D:4)
  2 dream sheep (Lair:6)
  8 blink frogs
  A fire dragon zombie (D:15)
  A meliai zombie (D:14)
  A spriggan zombie (D:15)
  12 hippogriffs
  12 spriggans (Lair:6)
  6 wyverns
  A vampire (D:15)
  A shadow (D:13)
  47 yaks
  A wraith (D:11)
  A hungry ghost (D:12)
  A steam dragon (D:13)
  4 basilisks
  3 vampire mosquitoes (D:14)
  9 wargs
  3 nagas (Snake:1)
  19 water moccasins
  2 acid dragons
  9 porcupines
  Duvessa (D:4)
  8 black bears
  8 ice beasts
  3 sky beasts
  2 eyes of draining
  A phantom (D:12)
  52 orc warriors
  4 boggarts (Lair:6)
  16 ogres
  16 wolves
  10 centaurs
  11 crocodiles
  2 big kobolds
  29 bullfrogs
  Dowan (D:4)
  A wyvern skeleton (D:9)
  5 scorpions
  13 killer bees
  5 wights (D:12)
  5 howler monkeys
  3 electric eels (Bailey)
  11 crimson imps
  2 centaur zombies
  A quasit (D:8)
  5 centaur skeletons
  7 hounds
  A bullfrog zombie (D:13)
  5 jellies
  29 orc priests
  27 orc wizards
  3 bullfrog skeletons
  5 iguanas
  A gnoll shaman (D:7)
  10 worker ants
  3 hound skeletons
  A howler monkey zombie (D:9)
  Robin (D:4)
  15 adders
  9 gnolls
  5 shadow imps
  12 white imps (Lair:1)
  6 oozes
  An adder skeleton (D:6)
  3 worms
  2 dart slugs (D:3)
  8 leopard geckos
  127 orcs
  A ball python (D:5)
  3 giant cockroaches
  22 goblins
  17 hobgoblins
  6 jackals
  20 kobolds
  6 quokkas
  8 bats
  6 frilled lizards
  A jackal zombie (D:9)
  A leopard gecko skeleton (D:7)
  A quokka skeleton (D:4)
  13 rats
919 creatures vanquished.

Vanquished Creatures (collateral kills)
  Purgy (Sewer)
  An orc wizard (D:3)
  3 gnolls (D:3)
  2 adders
  A worm (D:3)
  An orc (D:4)
  A rat (D:3)
10 creatures vanquished.

Vanquished Creatures (others)
  A water moccasin (D:11)
  A sky beast (D:11)
  A gnoll (Bailey)
  23 fungi
  33 plants
  4 withered plants (D:15)
63 creatures vanquished.

Grand Total: 992 creatures vanquished

Notes
Turn   | Place    | Note
-------+----------+-------------------------------------------
     0 | D:1      | edsrzf the Kobold Transmuter began the quest for the Orb.
     0 | D:1      | Reached XP level 1. HP: 12/12 MP: 3/3
   196 | D:1      | Reached XP level 2. HP: 16/16 MP: 3/5
   200 | D:1      | Learned a level 2 spell: Sticks to Snakes
   470 | D:1      | Reached XP level 3. HP: 20/20 MP: 4/6
   829 | D:2      | Reached skill level 3 in Transmutations
  1109 | D:2      | Reached XP level 4. HP: 12/25 MP: 4/7
  1546 | D:2      | Reached skill level 4 in Unarmed Combat
  2165 | D:3      | Learned a level 3 spell: Spider Form
  2352 | D:3      | Reached XP level 5. HP: 29/29 MP: 4/8
  2416 | D:3      | Found a burning altar of Makhleb.
  2416 | D:3      | Noticed a green death
  2561 | D:3      | Reached skill level 4 in Transmutations
  2645 | D:3      | Identified 5 scrolls of identify
  2645 | D:3      | Identified a potion of cancellation
  2646 | D:3      | Identified a potion of lignification
  2647 | D:3      | Identified a potion of brilliance
  2648 | D:3      | Identified a potion of might
  2649 | D:3      | Identified a potion of degeneration
  2691 | D:4      | Identified 2 potions of curing
  2693 | D:4      | Found a glowing drain.
  2708 | Sewer    | Entered a sewer
  2781 | Sewer    | Noticed Purgy
  2816 | Sewer    | Killed Purgy
  2816 | Sewer    | Reached skill level 5 in Unarmed Combat
  2816 | Sewer    | Reached XP level 6. HP: 34/34 MP: 3/9
  3086 | D:3      | Reached skill level 5 in Transmutations
  3165 | D:3      | Identified a potion of berserk rage
  3244 | D:3      | Reached XP level 7. HP: 28/38 MP: 0/10
  3998 | D:4      | Reached skill level 1 in Poison Magic
  4132 | D:4      | Reached skill level 6 in Unarmed Combat
  4201 | D:4      | Noticed Grinder
  4225 | D:5      | Entered Level 5 of the Dungeon
  4474 | D:5      | Reached skill level 2 in Poison Magic
  4574 | D:5      | Reached XP level 8. HP: 37/43 MP: 11/11
  4648 | D:5      | Reached skill level 6 in Transmutations
  4717 | D:5      | Identified 4 potions of flight
  4791 | D:5      | Reached skill level 3 in Spellcasting
  4897 | D:5      | Found a staircase to the Ecumenical Temple.
  5011 | Temple   | Entered the Ecumenical Temple
  5266 | Temple   | Became a worshipper of Cheibriados the Contemplative
  6037 | D:6      | Reached skill level 7 in Unarmed Combat
  6070 | D:6      | Reached * piety under Cheibriados
  6110 | D:6      | Reached skill level 4 in Spellcasting
  6454 | D:7      | Reached skill level 7 in Transmutations
  6454 | D:7      | Reached XP level 9. HP: 41/47 MP: 10/15
  6587 | D:7      | Noticed a hornet
  6652 | D:7      | Identified 3 scrolls of fog
  6653 | D:7      | Identified 4 scrolls of fear
  6655 | D:7      | Identified 5 scrolls of remove curse
  6656 | D:7      | Identified 3 scrolls of amnesia
  6827 | D:7      | Reached skill level 5 in Spellcasting
  6867 | D:7      | Identified 2 potions of stabbing
  6925 | D:7      | Identified 7 scrolls of teleportation
  6926 | D:7      | Identified 5 scrolls of enchant weapon
  7061 | D:8      | Found Samag's Jewellery Shoppe.
  7076 | D:8      | Noticed a two-headed ogre
  7177 | D:8      | Reached skill level 2 in Fighting
  7177 | D:8      | Reached skill level 8 in Unarmed Combat
  7315 | D:8      | Identified a potion of heal wounds
  7354 | D:8      | Identified a potion of mutation
  7455 | D:8      | Reached ** piety under Cheibriados
  7622 | D:8      | Reached skill level 3 in Fighting
  7807 | D:8      | Found a staircase to the Lair.
  7818 | D:8      | Reached skill level 8 in Transmutations
  7865 | D:8      | Learned a level 5 spell: Blade Hands
  8242 | D:9      | Noticed Prince Ribbit
  8259 | D:9      | Killed Prince Ribbit
  8259 | D:9      | Reached skill level 4 in Fighting
  8259 | D:9      | Reached XP level 10. HP: 36/56 MP: 15/17
  8310 | D:9      | Noticed Maurice
  8336 | D:9      | Killed Maurice
  8336 | D:9      | Reached skill level 9 in Unarmed Combat
  8521 | D:9      | Reached skill level 9 in Transmutations
  8612 | D:9      | Found an ornate altar of the Wu Jian Council.
  8866 | D:9      | Reached *** piety under Cheibriados
  9011 | D:9      | Noticed a two-headed ogre
  9110 | D:9      | Noticed a gargoyle
  9116 | D:9      | Killed a gargoyle
  9135 | D:10     | Entered Level 10 of the Dungeon
  9135 | D:10     | Noticed a gargoyle
  9164 | D:10     | Identified 2 scrolls of random uselessness
  9165 | D:10     | Identified 2 scrolls of blinking
  9165 | D:10     | Noticed Fannar
  9184 | D:10     | Identified a scroll of immolation
  9185 | D:10     | Identified a scroll of enchant armour
  9186 | D:10     | Killed Fannar
  9186 | D:10     | Reached skill level 10 in Unarmed Combat
  9299 | D:10     | Noticed Joseph
  9331 | D:10     | Killed a gargoyle
  9331 | D:10     | Reached skill level 10 in Transmutations
  9422 | D:10     | Reached XP level 11. HP: 52/61 MP: 14/18
  9468 | D:10     | Found a flagged portal.
  9483 | Bailey   | Entered a bailey
  9510 | Bailey   | Reached **** piety under Cheibriados
  9562 | Bailey   | Noticed an orc knight
  9587 | Bailey   | Found an iron altar of Okawaru.
  9598 | Bailey   | Killed an orc knight
  9608 | Bailey   | Reached skill level 11 in Unarmed Combat
  9764 | Bailey   | Reached skill level 11 in Transmutations
  9829 | Bailey   | Reached ***** piety under Cheibriados
  9988 | Bailey   | Got a spiked scale mail
 10227 | D:10     | Identified the +3 scale mail of Dawn {Harm} (You found it
                  | in a bailey)
 10573 | D:10     | Killed Joseph
 10689 | D:9      | Reached skill level 12 in Unarmed Combat
 11165 | D:7      | Identified 2 potions of resistance
 11288 | D:7      | Got a transparent plate armour
 11295 | D:7      | Identified a scroll of noise
 11309 | D:7      | Identified the +1 plate armour of Esuppaik {Str+2} (You
                  | found it on level 7 of the Dungeon)
 11606 | D:4      | Killed Grinder
 11606 | D:4      | Reached skill level 13 in Unarmed Combat
 11651 | D:4      | Noticed Robin
 11651 | D:4      | Noticed Duvessa
 11655 | D:4      | Noticed Dowan
 11664 | D:4      | Killed Duvessa
 11665 | D:4      | Killed Robin
 11671 | D:4      | Killed Dowan
 12216 | D:11     | Found a gateway to a bazaar.
 12265 | D:11     | Reached XP level 12. HP: 55/66 MP: 13/19
 12325 | D:11     | Reached ****** piety under Cheibriados
 12453 | D:11     | Found a staircase to the Orcish Mines.
 12573 | D:11     | Killed an unseen horror
 12788 | D:11     | Reached skill level 14 in Unarmed Combat
 13524 | D:12     | Got a fine turquoise ring
 13526 | D:12     | Identified the ring of the Messenger {rC+ Str+6 Dex+7} (You
                  | found it on level 12 of the Dungeon)
 13817 | D:12     | Noticed a tengu warrior
 13831 | D:12     | Killed a tengu warrior
 13925 | D:12     | Identified a potion of haste
 14052 | D:12     | Reached skill level 15 in Unarmed Combat
 14194 | D:12     | Learned a level 5 spell: Yara's Violent Unravelling
 14533 | Lair:1   | Entered Level 1 of the Lair of Beasts
 14533 | Lair:1   | Found a frozen archway.
 14578 | IceCv    | Entered an ice cave
 14593 | IceCv    | Reached skill level 5 in Fighting
 14738 | IceCv    | Learned a level 4 spell: Ice Form
 14903 | IceCv    | Reached skill level 1 in Ice Magic
 14903 | IceCv    | Reached XP level 13. HP: 70/74 MP: 17/20
 14970 | Lair:1   | Found an ornate altar of the Wu Jian Council.
 14975 | Lair:1   | Reached skill level 6 in Fighting
 14976 | Lair:1   | Reached skill level 2 in Ice Magic
 14989 | Lair:1   | Reached skill level 3 in Ice Magic
 15110 | Lair:1   | Identified a scroll of magic mapping
 15737 | Lair:2   | Reached skill level 4 in Ice Magic
 15791 | Lair:2   | Reached skill level 7 in Fighting
 15794 | Lair:2   | Reached skill level 5 in Ice Magic
 15943 | Lair:2   | Reached skill level 6 in Ice Magic
 16211 | Lair:2   | Reached skill level 7 in Ice Magic
 16320 | Lair:2   | Found a staircase to the Shoals.
 16675 | Lair:3   | Reached skill level 16 in Unarmed Combat
 17111 | Lair:3   | Noticed Rupert
 17172 | Lair:3   | Killed Rupert
 17172 | Lair:3   | Reached skill level 8 in Ice Magic
 17679 | Lair:4   | Reached skill level 9 in Ice Magic
 17718 | Lair:4   | Found a staircase to the Snake Pit.
 18067 | Lair:4   | Identified a scroll of silence
 18196 | Lair:4   | Reached XP level 14. HP: 82/82 MP: 16/21
 18389 | Lair:4   | Reached skill level 10 in Ice Magic
 18917 | Lair:5   | Found a staircase to the Slime Pits.
 18921 | Lair:5   | Found a viscous altar of Jiyva.
 18967 | Lair:5   | Reached skill level 11 in Ice Magic
 19239 | Lair:5   | Noticed Sonja
 19257 | Lair:5   | Killed Sonja
 19452 | Lair:6   | Entered Level 6 of the Lair of Beasts
 19475 | Lair:6   | Reached skill level 17 in Unarmed Combat
 19483 | Lair:6   | Reached skill level 12 in Ice Magic
 19758 | Lair:6   | Reached skill level 13 in Ice Magic
 19883 | Lair:6   | Reached skill level 3 in Dodging
 20152 | Lair:6   | Reached skill level 4 in Dodging
 20242 | Lair:6   | Reached skill level 5 in Dodging
 20276 | Lair:6   | Reached XP level 15. HP: 71/86 MP: 16/22
 20729 | Lair:6   | Reached skill level 6 in Dodging
 21504 | Bazaar   | Entered a bazaar
 21540 | Bazaar   | Found Uthrozul's Antique Armour Shoppe.
 21540 | Bazaar   | Found Xushres's Weapon Emporium.
 21561 | Bazaar   | Found Besopere's Jewellery Shoppe.
 21576 | Bazaar   | Found Capn's Antique Armour Shoppe.
 21576 | Bazaar   | Found Tareaj's Book Emporium.
 21617 | Bazaar   | Bought a book of Transfigurations for 825 gold pieces
 21700 | Orc:1    | Entered Level 1 of the Orcish Mines
 21765 | Orc:1    | Reached skill level 18 in Unarmed Combat
 21883 | Orc:1    | Reached skill level 7 in Dodging
 21891 | Orc:1    | Reached skill level 1 in Invocations
 21941 | Orc:1    | Reached skill level 2 in Invocations
 22267 | Orc:2    | Entered Level 2 of the Orcish Mines
 22268 | Orc:2    | Found Duhigeo's Food Emporium.
 22349 | Orc:1    | Noticed Nergalle
 22354 | Orc:1    | Killed Nergalle
 22407 | Orc:1    | Reached skill level 3 in Invocations
 22729 | Orc:2    | Reached skill level 8 in Dodging
 22835 | Orc:2    | Noticed an orc warlord
 22884 | Orc:2    | Found a staircase to the Elven Halls.
 22955 | Orc:2    | Noticed an orc warlord
 22962 | Orc:2    | Reached skill level 4 in Invocations
 22976 | Orc:2    | Killed an orc warlord
 23090 | Orc:2    | Reached skill level 9 in Dodging
 23112 | Orc:2    | Reached skill level 5 in Invocations
 23157 | Orc:2    | Found Sokaj's Antique Weapon Shop.
 23160 | Orc:2    | Found Uxamp's Antique Armour Boutique.
 23161 | Orc:2    | Found a roughly hewn altar of Beogh.
 23324 | Orc:2    | Found a roughly hewn altar of Beogh.
 23337 | Orc:2    | Found Vuthreno's Magic Scroll Emporium.
 23349 | Orc:2    | Bought a scroll of acquirement for 780 gold pieces
 23467 | Orc:2    | Found a roughly hewn altar of Beogh.
 23530 | Orc:2    | Found a roughly hewn altar of Beogh.
 23544 | Orc:2    | Found Gudaamit's General Store.
 23662 | Orc:2    | Reached skill level 6 in Invocations
 23675 | Orc:2    | Killed an orc warlord
 23684 | Orc:2    | Noticed an orc warlord
 23698 | Orc:2    | Killed an orc warlord
 23698 | Orc:2    | Reached skill level 2 in Evocations
 23763 | Orc:2    | Reached skill level 3 in Evocations
 23767 | Orc:2    | Identified the +6 war axe "Vyagebea" {flame, rN+ Dex+7}
 23767 | Orc:2    | Identified the ring of Ciag {*Drain rN+++ MR+ Str+2}
 23767 | Orc:2    | Noticed an orc warlord
 23781 | Orc:2    | Killed an orc warlord
 23785 | Orc:2    | Reached skill level 4 in Evocations
 24205 | D:8      | Bought the ring "Wyuleob" {rF+ rC+} for 585 gold pieces
 24208 | D:8      | Bought the ring of Amnuxen {rN+ SInv} for 468 gold pieces
 24223 | D:8      | Reached skill level 7 in Invocations
 24611 | D:13     | Reached skill level 8 in Invocations
 24613 | D:13     | Reached XP level 16. HP: 33/92 MP: 19/23
 24911 | D:13     | Found Migy's Elemental Accessories.
 25354 | D:13     | Reached skill level 9 in Invocations
 25381 | D:13     | Found a gate to the Vaults.
 25389 | D:13     | Identified a scroll of vulnerability
 25724 | D:14     | Found a sacrificial altar of Ru.
 25959 | D:14     | Reached skill level 10 in Invocations
 26449 | D:15     | Entered Level 15 of the Dungeon
 26499 | D:15     | Found Neroeluts's Blood Bar.
 26521 | D:15     | Found a flickering gateway to a bazaar.
 26528 | Bazaar   | Entered a bazaar
 26564 | Bazaar   | Found Jaixt's Antique Armour Shoppe.
 26614 | Bazaar   | Found Xisheero's Assorted Antiques.
 26627 | Bazaar   | Found Rolluremom's Magic Scroll Shoppe.
 26652 | Bazaar   | Bought a pair of smoking gloves for 266 gold pieces
 26657 | Bazaar   | Identified the +1 pair of gloves of Catatonia {Dex+3} (You
                  | bought it in a shop in a bazaar)
 26678 | Bazaar   | Bought a glowing helmet for 225 gold pieces
 26742 | D:15     | Reached skill level 8 in Fighting
 27004 | D:15     | Reached skill level 9 in Fighting
 27125 | D:15     | Identified a potion of magic
 27535 | D:15     | Found a staircase to the Depths.
 28003 | Snake:1  | Entered Level 1 of the Snake Pit
 28233 | Snake:1  | Reached skill level 10 in Fighting
 28253 | Snake:1  | Reached XP level 17. HP: 38/102 MP: 12/24
 28395 | Snake:1  | Reached skill level 19 in Unarmed Combat
 28498 | Snake:1  | HP: 1/103 [naga sharpshooter/bolt (29)]
 28498 | Snake:1  | Slain by a naga

Illustrated notes

Levels and vault maps discovered:
D:1:      ebering_trefoil_3fold, layout_loops_ring
D:2:      layout_loops_ring
D:3:      layout_basic, first_ration, makhleb_altar_promises_db
D:4:      layout_layer_cave, cheibrodos_sewer_entry_drain, minmay_diced_spiral,
          uniq_duvessa, uniq_robin, uniq_grinder
D:5:      layout_loops_corners, minmay_temple_entry_statues_pillars,
          kennysheep_generic_room_2
D:6:      layout_rooms
D:7:      kennysheep_windowed_halls, layout_basic
D:8:      layout_loops_ring, grunt_lair_entry_orc_guard_hut, serial_shops,
          nicolae_shop_trees
D:9:      cheibrodos_statue_roulette, layout_basic, lemuel_doored_altar,
          uniq_prince_ribbit1, uniq_maurice
D:10:     layout_cave_pools, enter_bailey_7, hangedman_little_slice_of_home,
          uniq_joseph, uniq_fannar
D:11:     layout_basic, david_orc_1_choice, serial_glass, glass_columns_c,
          glass_columns_a, serial_shops, freezing_bzr
D:12:     layout_stronghold
D:13:     layout_gridville, david_vaults_4, nicolae_elemental_shop
D:14:     layout_stronghold, nicolae_ru_sacrificial_ziggurat
D:15:     gammafunk_depths_entry_grave, layout_small_grid, minivault_27,
          serial_shops, bzr_entry_water, guppyfry_shop_blood
Temple:   nicolae_temple_the_god_donut
Lair:1:   dragon1_lemuel, layout_cave_pods, portal_ice_cave_entry_imps,
          basic_altar, serial_bayou_lagoon_a, grunt_megastairs_1,
          infiniplex_staircase_pool
Lair:2:   layout_loops_ring, minmay_shoals_entry_centaurs
Lair:3:   layout_regular_city, uniq_rupert
Lair:4:   layout_loops_ring, minmay_snake_entry_six_corridors, lemuel_fruit_tree
Lair:5:   layout_misc_corridors, slime_altar_1, beast_lair_carwin_9,
          grunt_megastairs_3, uniq_sonja
Lair:6:   minmay_lair_end_enchanted_forest, layout_small_grid
Snake:1:  layout_rooms
Orc:1:    layout_caves, nicolae_orc_crystal_geode, uniq_nergalle
Orc:2:    grunt_orc_community_town_hall, layout_caves,
          grunt_orc_community_big_house_2, grunt_orc_community_big_house_1,
          grunt_orc_community_house_3, grunt_orc_community_house_3,
          grunt_orc_community_house_3, grunt_orc_community_house_1,
          serial_shops, shop, minmay_orc_treasury

Skill      XL: |  1  2  3  4  5  6  7  8  9 10 11 12 13 14 15 16 17 |
---------------+----------------------------------------------------+-----
Transmutations | 3 4 5 7 8 10 11 | 11.0
Unarmed Combat | 4 5 6 7 8 10 13 15 16 17 18 19 | 19.0
Poison Magic   | 2 |  2.0
Spellcasting   | 4 5 |  5.0
Fighting       | 4 5 7 10 | 10.6
Ice Magic      | 1 9 13 | 13.0
Dodging        | 5 9 |  9.0
Invocations    | 8 10 | 10.0
Evocations     | 4 |  4.0

Action                   |  1- 3 |  4- 6 |  7- 9 | 10-12 | 13-15 | 16-18 || total
-------------------------+-------+-------+-------+-------+-------+-------++-------
Melee: Unarmed           |   109 |   198 |   473 |   533 |   742 |   292 ||  2347
       Headbutt          |    10 |     6 |    17 |       |       |       ||    33
       Kick              |       |    17 |    11 |     3 |       |       ||    31
       Punch             |       |     4 |    12 |    35 |    94 |    39 ||   184
Throw: Dart              |       |     1 |     6 |     3 |    12 |       ||    22
 Cast: Beastly Appendage |    15 |    21 |    15 |     1 |       |       ||    52
       Sticks to Snakes  |     3 |    19 |    14 |       |     5 |       ||    41
       Spider Form       |       |       |    17 |     6 |       |       ||    23
       Blade Hands       |       |       |       |    44 |    62 |    24 ||   130
       Ice Form          |       |       |       |     3 |     8 |       ||    11
Invok: Slouch            |       |       |       |       |     6 |     4 ||    10
 Abil: End Transformatio |       |       |       |       |     2 |       ||     2
Evoke: Wand              |       |       |       |     6 |     6 |       ||    12
       Box of beasts     |       |       |       |       |     2 |       ||     2
       Phantom mirror    |       |       |       |       |     1 |       ||     1
  Use: Scroll            |       |     7 |    12 |    11 |    17 |     6 ||    53
       Potion            |       |     1 |     3 |     3 |     4 |     1 ||    12
 Stab: Distracted        |     1 |     1 |     2 |     2 |     8 |       ||    14
       Sleeping          |       |       |     2 |     5 |    12 |     4 ||    23
       Paralysed         |       |       |       |       |     2 |       ||     2
  Eat: Chunk             |     9 |     9 |    16 |    22 |    36 |    11 ||   103
Armor: Robe              |    21 |    13 |    17 |    13 |       |       ||    64
       Skin              |       |    20 |     4 |    12 |     5 |       ||    41
       Leather armour    |       |       |       |    63 |    90 |    35 ||   188
Dodge: Dodged            |    75 |   112 |   287 |   352 |   510 |   270 ||  1606
